AoeStats
← si_smoke

Arena

510652231Analyzed
1v1 RM · 17h ago on Oct 2, 2026· 55m 31s· 2 players
Game mode
Random Map
Map size
Tiny (2 player)
Population
200
Speed
Normal
Resources
Standard
Victory
Conquest
Starting age
Dark Age
Ending age
Imperial Age
RankedLock teamsTeams togetherTeam positionsShared explorationLock speedFull tech treeHidden civsTurbo modeCheats
Victory
Defeat
🇨🇱 Franks · Chile
138
+25
🇰🇷 Varangians · South Korea
361
-25
si_smoke
13:30 Feudal Age
14:55 Wheelbarrow
15:48 Man-at-Arms
20:39 Double-Bit Axe
22:21 Stone Mining
25:54 Castle Age
26:27 Pikeman
26:45 Elite Skirmisher
26:45 Crossbowman
27:49 Forging
28:26 Stone Mining
29:14 Gold Mining
34:10 Hand Cart
34:58 Gold Shaft Mining
35:29 Iron Casting
45:32 Imperial Age
43:10 Murder Holes
46:20 Bow Saw
54:44 Elite Throwing Axeman
warkillking
0:52 Loom
14:27 Feudal Age
15:49 Wheelbarrow
15:00 Town Watch
15:06 Double-Bit Axe
15:36 Horse Collar
20:42 Arson
23:08 Forging
22:59 Scale Mail Armor
23:05 Scale Barding Armor
23:01 Padded Archer Armor
22:51 Fletching
22:57 Fletching
25:42 Castle Age
26:23 Bloodlines
27:06 Husbandry
27:49 Hand Cart
32:54 Squires
32:40 Gambesons
38:35 Bow Saw
38:29 Heavy Plow
42:27 Iron Casting
42:08 Chain Mail Armor
49:29 Bodkin Arrow
58:06 Imperial Age
Connection lost

Rejoining the realm…

Still unreachable

The connection could not be restored.

Session expired

The server has moved on; the page needs a fresh start.